 Dungeon Crawl Stone Soup version 0.31.0-32-g396128a36d (webtiles) character file.

Game seed: 4922885220028823136

245201 cdecastro the Fetichist (level 19, -3/155 HPs)
             Began as a Human Ice Elementalist on Mar 8, 2024.
             Was the Champion of Lugonu.
             Slain by a deep troll (20 damage)
             ... on level 15 of the Dungeon on Mar 12, 2024.
             The game lasted 03:08:37 (51584 turns).

cdecastro the Fetichist (Human Ice Elementalist)   Turns: 51584, Time: 03:08:37

Health: -3/155     AC: 27    Str: 14    XL:     19   Next: 47%
Magic:  23/29      EV: 19    Int: 23    God:    Lugonu [******]
Gold:   441        SH:  0    Dex: 13    Spells: 12/22 levels left

rFire   . . .        a - +5 scythe "Finisher" {speed, execute}
rCold   + . .        (shield currently unavailable)
rNeg    + . .        j - quicksilver dragon scales
rPois   .            s - +2 hat {Will+}
rElec   .            f - +2 cloak of Reris {rCorr Str-2 SInv}
rCorr   +            A - +0 pair of gloves
SInv    +            Y - +0 pair of boots
Will    +++..        W - amulet "Simysal" {+Inv rN+ Regen+ Str+4}
Stlth   +            P - ring of protection from cold
HPRegen 1.25/turn    y - ring of Sotsebon {EV+5 Int+2}
MPRegen 0.21/turn

%: no passive effects
@: ice-armoured, freezing walls
A: explore regen
}: 2/15 runes: decaying, serpentine
a: Renounce Religion, Evoke Invisibility, Depart the Abyss, Banish, Corrupt,
Enter the Abyss, Brand Weapon With Distortion


You were on level 15 of the Dungeon.
You worshipped Lugonu.
Lugonu was exalted by your worship.
You visited 7 branches of the dungeon, and saw 32 of its levels.

You collected 3573 gold pieces.
You spent 3132 gold pieces at shops.

Inventory:

Hand Weapons
 a - the +5 scythe "Finisher" (weapon) {speed, execute}
   (You found it on level 9 of the Dungeon)
 b - a +5 trident
Armour
 f - the +2 cloak of Reris (worn) {rCorr Str-2 SInv}
   (You bought it in a shop on level 2 of the Orcish Mines)

   Str-2:     It affects your strength (-2).
   SInv:      It lets you see invisible.
   rCorr:     It protects you from acid and corrosion.
 j - quicksilver dragon scales (worn)
 s - a +2 hat of willpower (worn)
 A - a +0 pair of gloves (worn)
 Y - a +0 pair of boots (worn)
Jewellery
 p - a +4 ring of protection
 y - the ring of Sotsebon (right hand) {EV+5 Int+2}
   (You took it off a boggart on level 13 of the Dungeon)

   [ring of evasion]

   EV+5:      It affects your evasion (+5).
   Int+2:     It affects your intelligence (+2).
 N - a ring of willpower
 O - the ring of Tatrisagh {Fire +Blink rPois}
   (You found it on level 4 of the Lair of Beasts)

   [ring of fire]

   Fire:      It enhances your fire magic.
   rF+:       It protects you from fire.
   rC-:       It makes you vulnerable to cold.
   rPois:     It protects you from poison +Blink: It lets you blink.
 P - a ring of protection from cold (left hand)
 U - the ring of Afuem {Fly Int+2}
   (You found it on level 1 of the Orcish Mines)

   [ring of flight]

   Int+2:     It affects your intelligence (+2).
   Fly:       It grants you flight.
 W - the amulet "Simysal" (around neck) {+Inv rN+ Regen+ Str+4}
   (You took it off a wight on level 8 of the Dungeon)

   [amulet of regeneration]

   Str+4:     It affects your strength (+4).
   rN+:       It protects you from negative energy.
   +Inv:      It lets you turn invisible.
   Regen+:    It increases your rate of health regeneration.
 Z - a ring of see invisible
Wands
 c - a wand of quicksilver (35)
 t - a wand of roots (25)
 w - a wand of flame (15)
 C - a wand of digging (13)
 Q - a wand of charming (17)
 V - a wand of mindburst (5)
Scrolls
 m - 8 scrolls of revelation
 n - 2 scrolls of fear
 o - 5 scrolls of immolation
 q - 6 scrolls of poison
 v - 7 scrolls of identify
 x - 9 scrolls of teleportation
 B - 7 scrolls of vulnerability
 G - 5 scrolls of torment
 K - a scroll of summoning
 L - 2 scrolls of fog
 M - 3 scrolls of blinking
 T - 2 scrolls of silence
Potions
 e - 5 potions of might
 g - a potion of cancellation
 h - 4 potions of haste
 i - 6 potions of attraction
 k - 8 potions of curing
 l - 6 potions of brilliance
 r - 4 potions of lignification
 u - 5 potions of enlightenment
 z - 3 potions of berserk rage
 F - 2 potions of resistance
 J - a potion of invisibility
 S - 2 potions of magic
 X - 2 potions of heal wounds
Miscellaneous
 d - a lightning rod (4/4)
 R - a tin of tremorstones (1/2)


   Skills:
 - Level 15.0 Fighting
 - Level 15.0 Polearms
 - Level 10.0 Armour
 - Level 10.0 Dodging
 - Level 2.0 Stealth
 - Level 2.0 Spellcasting
 - Level 14.0 Ice Magic
 + Level 14.0 Invocations
 - Level 17.0 Evocations


You had 12 spell levels left.
You knew the following spells:

 Your Spells              Type           Power      Damage    Failure   Level
a - Freeze                Ice            100%       1d10      1%          1
b - Frozen Ramparts       Ice            100%       1d16      1%          3
c - Ozocubu's Armour      Ice            61%        N/A       1%          3
d - Summon Ice Beast      Ice/Summ       34%        N/A       3%          3

Your spell library contained the following spells:

 Spells                   Type           Power      Damage    Failure   Level
 Hailstorm                Conj/Ice       34%        3d8       3%          3
 Necrotise                Necr           8%         1d4       22%         1
 Shock                    Conj/Air       8%         1d3       22%         1
 Sting                    Conj/Alch      8%         1d3       22%         1
 Cigotuvi's Dreadful Rot  Necr/Alch/Air  4%         N/A       32%         2
 Mercury Vapours          Alch/Air       4%         N/A       32%         2
 Ozocubu's Refrigeration  Ice            30%        4d14      52%         7
 Gell's Gravitas          Tloc           2%         N/A       54%         3
 Teleport Other           Tloc           2%         N/A       54%         3
 Vampiric Draining        Necr           2%         2d6       54%         3
 Sculpt Simulacrum        Ice/Alch       17%        N/A       88%         6
 Animate Dead             Necr           2%         N/A       91%         4
 Dispel Undead            Necr           2%         3d7       91%         4
 Martyr's Knell           Necr/Summ      2%         N/A       91%         4
 Olgreb's Toxic Radiance  Alch           2%         N/A       91%         4
 Curse of Agony           Necr           2%         N/A       99%         5
 Silence                  Hex/Air        1%         N/A       99%         5
 Conjure Ball Lightning   Conj/Air       1%         3x3d6     100%        6
 Death Channel            Necr           1%         N/A       100%        6
 Dispersal                Tloc           1%         N/A       100%        6
 Haunt                    Necr/Summ      1%         N/A       100%        7
 Discord                  Hex            1%         N/A       100%        8
 Infestation              Necr           1%         N/A       100%        8
 Maxwell's Capacitive Co  Air            1%         ∞         100%        8
 Chain Lightning          Conj/Air       1%         3d1       100%        9
 Fire Storm               Conj/Fire      1%         7d1       100%        9
 Polar Vortex             Ice            30%        12d4*     100%        9
 Shatter                  Erth           1%         3d5*      100%        9


Dungeon Overview and Level Annotations

Branches:
Dungeon (15/15)            Temple (1/1) D:7            Lair (5/5) D:9
  Swamp (4/4) Lair:3        Snake (4/4) Lair:3        Slime (0/5) Lair:4
    Orc (2/2) D:11            Elf (0/3) Orc:2        Vaults (0/5) D:13
 Depths (1/4) D:15

Altars:
Ashenzari
Cheibriados
Dithmenos
Elyvilon
Fedhas
Gozag
Hepliaklqana
Kikubaaqudgha
Makhleb
Nemelex Xobeh
Okawaru
Qazlal
Ru
Sif Muna
Trog
Uskayaw
Vehumet
Wu Jian
Xom
Yredelemnul
Zin
The Shining One
Jiyva
Lugonu

Shops:
D:6 ![(   Orc:2 **(:!

Portals:
Pandemonium: Orc:2

Annotations:
D:15 Roxanne
Swamp:1 2 transporters, DiddlyDoom's ghost, journeyman MfFi
Abyss:1 Asterion; Rupert; Vashnia


Innate Abilities, Weirdness & Mutations

You regain HP and MP as you explore.


Message History

Casting: Ozocubu's Armour (safe; 1% risk of failure)
Confirm with . or Enter, or press ? or * to list all spells.
Casting: Frozen Ramparts (safe; 1% risk of failure)
Press: ? - help, Dir - look around, f - activate A staircase to the Depths, spattered with blood.
The walls around you are covered in ice.
The wall freezes the deep troll but does no damage.
The deep troll bites you!
* * * LOW HITPOINT WARNING * * *
The deep troll claws you but does no damage.
The deep troll completely misses you.
The frost giant resists.
The wall freezes the frost giant.
The frost giant hits you with a +1 battleaxe of freezing.
* * * LOW HITPOINT WARNING * * *
The wall freezes the deep troll shaman!
The deep troll shaman bites you!
* * * LOW HITPOINT WARNING * * *
The deep troll shaman claws you but does no damage. x2
Unknown command.
You barely miss the deep troll.
The wall freezes the deep troll!
The deep troll barely misses you. The deep troll completely misses you.
The deep troll claws you.
* * * LOW HITPOINT WARNING * * *
The wall freezes the deep troll shaman but does no damage.
The deep troll shaman bites you but does no damage.
The deep troll shaman claws you but does no damage. x2
The frost giant resists.
The wall freezes the frost giant.
The frost giant completely misses you.
Unknown command.
Unknown command.
Unknown command.
You hit the deep troll but do no damage.
The deep troll is lightly wounded.
The wall freezes the frost giant but does no damage.
The frost giant hits you but does no damage.
The wall freezes the deep troll.
The deep troll bites you!!
* * * LOW HITPOINT WARNING * * *
The deep troll claws you!
* * * LOW HITPOINT WARNING * * *
The deep troll claws you!!
You die...

#.####....###[.....
#.# #.......)[.....
#.# ##....###......
#.# #.....# ##.....
############ ##....
#.[......≈≈# ##...
#'###≈≈≈#.≈# ##'#
#T8.#......######.#
#)@T'..≈##.'...##.#
#(8C#......###.[#.#
#'###≈≈≈#.≈# ##....
#[?....%.≈≈# ##....
############ #.....
#.########.....
#............##
##############


You could see a frost giant, a deep troll (strong) and a deep troll shaman.

Vanquished Creatures
  Nikola (Swamp:1)
  The ghost of Seits the Bludgeoner, an adept MiFi of the Shining One (Snake:3)
  Aizul (Snake:4)
  15 nagarajas
  3 fenstrider witches
  The ghost of Xitaol the Ninja, an adept SpEn of Wu Jian (Snake:3)
  An orc warlord (D:11)
  A stone giant (D:15)
  3 eleionomae
  3 bunyips
  The ghost of zeteo the Fighter, a journeyman MiFi of Ignis (Lair:4)
  2 shambling mangroves
  A fire dragon (Lair:5)
  An ettin (D:15)
  The ghost of CharLee the Covert, a journeyman HuBr of Hepliaklqana (Orc:1)
  8 hydras
  A vault guard (D:12)
  2 salamander tyrants (Snake:4)
  An ogre mage (D:15)
  A spriggan air mage (Swamp:3)
  8 anacondas
  2 ghost crabs (Swamp:2)
  A catoblepas (Lair:3)
  A demonspawn (Orc:2)
  4 boulder beetles
  11 centaur warriors
  A death knight (D:13)
  A dancing weapon (D:13)
  4 alligators
  11 naga warriors
  A deep troll shaman (D:15)
  6 death yaks
  8 two-headed ogres
  6 orc high priests (Orc:2)
  5 tengu warriors
  9 naga sharpshooters
  4 shock serpents (Snake:1)
  A soul eater (Orc:2)
  11 spriggans
  A death drake (Swamp:3)
  A skyshark (Lair:2)
  5 salamander mystics
  A bog body (Swamp:1)
  9 naga ritualists
  8 sea snakes (Snake:4)
  3 spriggan druids
  A deep troll (D:15)
  10 mana vipers
  10 swamp dragons
  7 orc knights
  Pikel (D:4)
  21 ugly things
  2 deep elf pyromancers (D:14)
  2 lindwurms
  2 will-o-the-wisps
  3 meliai
  7 cyclopes
  10 orc sorcerers
  17 salamanders
  45 black mambas
  5 manticores
  5 elephants (Lair:3)
  A meliai (shapeshifter) (D:14)
  2 moths of wrath (Orc:1)
  17 naga magi
  14 cane toads
  An eye of devastation (Orc:1)
  3 kobold blastminers
  An orange demon (Orc:2)
  Maggie (D:6)
  5 torpor snails (Lair:5)
  4 guardian serpents (Snake:4)
  9 rime drakes
  A rime drake (shapeshifter) (D:14)
  3 efreet (D:14)
  3 kobold demonologists
  2 tengu conjurers (D:15)
  Psyche (D:10)
  A freezing wraith (D:14)
  9 komodo dragons
  A red devil (Orc:2)
  A yaktaur (D:15)
  7 trolls
  3 polar bears
  10 tyrant leeches
  20 hornets
  2 dream sheep (Lair:5)
  Sigmund (D:2)
  6 slime creatures
  5 wraiths
  3 shadows
  28 yaks
  A vampire (D:11)
  9 basilisks
  6 wyverns
  4 steam dragons
  12 wargs
  A catoblepas simulacrum (Lair:4)
  4 vampire mosquitoes (D:10)
  17 swamp worms
  40 nagas
  Edmund (D:4)
  16 water moccasins
  6 acid dragons
  A water moccasin (shapeshifter) (D:15)
  2 sky beasts (D:7)
  27 orc warriors
  2 swamp drakes
  A black mamba simulacrum (Lair:4)
  4 laughing skulls
  9 black bears
  A boulder beetle simulacrum (Lair:4)
  8 ogres
  A wolf (Lair:2)
  10 centaurs
  8 boggarts
  A kobold brigand (D:12)
  10 bullfrogs
  2 gnoll sergeants
  11 wights
  2 dream sheep simulacra (Lair:4)
  11 killer bees
  An elephant simulacrum (Lair:4)
  An electric eel (Snake:4)
  17 howler monkeys
  A rime drake simulacrum (Lair:4)
  2 bombardier beetles
  A komodo dragon simulacrum (Lair:4)
  3 hounds
  33 orc priests
  A jelly (D:6)
  5 iguanas
  14 orc wizards
  5 hell rats
  12 gnolls
  6 adders
  4 ufetubi (D:6)
  A ribbon worm (D:2)
  70 orcs
  8 ball pythons
  4 bats (D:3)
  4 endoplasms
  3 giant cockroaches
  7 goblins
  8 hobgoblins
  11 jackals
  2 quokkas
  A frilled lizard (D:3)
  8 kobolds
  13 rats
959 creatures vanquished.

Vanquished Creatures (collateral kills)
  A thorn hunter (Swamp:4)
  A bunyip (Swamp:4)
  7 hydras
  A spriggan air mage (Swamp:3)
  An anaconda (Snake:2)
  A two-headed ogre (D:14)
  A naga sharpshooter (Snake:4)
  A spriggan berserker (Swamp:1)
  2 naga ritualists
  2 swamp dragons
  A manticore (D:14)
  A will-o-the-wisp (Swamp:2)
  An ugly thing (D:15)
  A salamander (Snake:4)
  3 black mambas
  A komodo dragon (Lair:5)
  2 trolls
  2 hornets (Swamp:3)
  2 dream sheep (Lair:5)
  2 spriggans
  A wyvern (Lair:5)
  2 yaks (D:9)
  5 basilisks
  A warg (Orc:1)
  2 vampire mosquitoes (D:10)
  A naga (Snake:3)
  2 swamp worms
  An acid dragon (D:9)
  A swamp drake (Lair:5)
  A black bear (D:6)
  A centaur (D:14)
  A scorpion (D:6)
  A wight (D:8)
  A howler monkey (D:10)
  A bombardier beetle (D:6)
  An orc priest (Orc:1)
  2 iguanas (Lair:5)
  3 orc wizards
  2 gnolls
  6 orcs
70 creatures vanquished.

Vanquished Creatures (others)
  A bunyip (Swamp:2)
  A death yak (Lair:3)
  A spriggan berserker (Swamp:2)
  A salamander (Snake:4)
  A bloated husk (Swamp:3)
  A warg (Orc:1)
  A swamp worm (Swamp:2)
  A meliai simulacrum (D:14)
  A black bear (D:6)
  An orc wizard (D:10)
  An orc (Orc:1)
  10 foxfires (Swamp:2)
21 creatures vanquished.

Grand Total: 1050 creatures vanquished

Notes
Turn   | Place    | Note
-------+----------+-------------------------------------------
     0 | D:1      | cdecastro the Human Ice Elementalist began the quest for
                  | the Orb.
     0 | D:1      | Reached XP level 1. HP: 13/13 MP: 3/3
    11 | D:1      | You fall into a shaft and drop 1 floor!
   384 | D:1      | Reached XP level 2. HP: 19/19 MP: 5/5
   850 | D:1      | Reached XP level 3. HP: 19/24 MP: 6/6
   985 | D:1      | Found a faded altar of an unknown god.
   991 | D:1      | Reached skill level 5 in Ice Magic
  1000 | D:1      | Prayed at the altar of an unknown god.
  1000 | D:1      | Became a worshipper of Lugonu the Unformed
  1000 | D:1      | Reached * piety under Lugonu
  1634 | D:2      | Learned a level 3 spell: Frozen Ramparts
  1663 | D:2      | Noticed Sigmund
  2155 | D:2      | Reached XP level 4. HP: 25/30 MP: 4/7
  2226 | D:2      | Reached ** piety under Lugonu
  2544 | D:3      | Learned a level 3 spell: Ozocubu's Armour
  3253 | D:4      | Noticed Edmund
  3410 | D:4      | Noticed a lemure
  3422 | D:4      | Reached XP level 5. HP: 35/35 MP: 4/8
  3479 | D:4      | Found a bloodstained altar of Trog.
  3508 | D:4      | Got the Almanac of Breath
  3619 | D:4      | Found a glowing silver altar of Zin.
  3716 | D:4      | Found a hide-covered altar of Uskayaw.
  3716 | D:4      | Noticed Pikel
  3716 | D:4      | Noticed a lemure
  3719 | D:4      | Noticed a lemure
  3720 | D:4      | Noticed a lemure
  3747 | D:4      | Killed Pikel
  3748 | D:4      | Reached XP level 6. HP: 34/41 MP: 0/9
  3748 | D:4      | Reached XP level 7. HP: 38/46 MP: 0/10
  3956 | D:5      | Entered Level 5 of the Dungeon
  4034 | D:5      | Found a shimmering altar of Xom.
  4034 | D:5      | Found a shimmering altar of Xom.
  4034 | D:5      | Found a shimmering altar of Xom.
  4045 | D:5      | Found a shimmering altar of Xom.
  4048 | D:5      | Found a shimmering altar of Xom.
  4050 | D:5      | Found a shimmering altar of Xom.
  4674 | D:5      | Found an opulent altar of Gozag.
  4741 | D:5      | Reached XP level 8. HP: 52/52 MP: 4/11
  4852 | D:5      | Found a glowing golden altar of the Shining One.
  5085 | D:5      | Learned a level 3 spell: Summon Ice Beast
  5130 | D:6      | Reached skill level 10 in Ice Magic
  5224 | D:6      | Noticed Maggie
  5419 | D:2      | Killed Sigmund
  5736 | D:6      | Found a stormy altar of Qazlal.
  5737 | D:6      | Found Cusmyesyt's Distillery.
  5788 | D:6      | Found Tiugefiw's Magic Scroll Shop.
  5835 | D:6      | Bought a scroll of blinking for 82 gold pieces
  5835 | D:6      | Bought a scroll of teleportation for 33 gold pieces
  5835 | D:6      | Bought a scroll of summoning for 104 gold pieces
  5835 | D:6      | Bought a scroll of fog for 44 gold pieces
  5862 | D:6      | Found Daepri's Antique Weapon Shoppe.
  5881 | D:6      | Reached *** piety under Lugonu
  5882 | D:6      | Reached XP level 9. HP: 52/57 MP: 3/12
  6535 | D:7      | Reached skill level 5 in Fighting
  6702 | D:6      | Bought a potion of curing for 36 gold pieces
  6703 | D:6      | Found Cyalav's Antique Armour Emporium.
  6835 | D:6      | Found an iron altar of Okawaru.
  7013 | D:7      | Identified the +1 chain mail of Burning Surprise {+Inv
                  | rElec rPois}
  7211 | D:7      | Found a staircase to the Ecumenical Temple.
  7230 | Temple   | Entered the Ecumenical Temple
  7300 | D:7      | Found a white marble altar of Elyvilon.
  7875 | D:8      | Reached XP level 10. HP: 79/80 MP: 6/13
  8292 | D:4      | Killed Edmund
  8473 | D:6      | Bought a potion of heal wounds for 60 gold pieces
  8541 | D:8      | Found a basalt altar of Yredelemnul.
  8950 | D:9      | Found a staircase to the Lair.
  9220 | D:9      | Reached **** piety under Lugonu
  9347 | D:9      | Reached skill level 10 in Fighting
  9347 | D:9      | Reached skill level 1 in Invocations
  9371 | D:9      | Found the +5 scythe "Finisher" {speed, execute}
  9380 | D:9      | Noticed a skeletal warrior
  9770 | D:8      | Identified the amulet "Simysal" {+Inv rN+ Regen+ Str+4}
 10140 | D:9      | Reached skill level 5 in Invocations
 10280 | D:9      | Found a sacrificial altar of Ru.
 10472 | D:9      | Found a broken altar of Ashenzari.
 10472 | D:9      | Found a burning altar of Makhleb.
 10475 | D:9      | Found a shadowy altar of Dithmenos.
 10520 | D:9      | Found a radiant altar of Vehumet.
 11087 | D:8      | Reached XP level 11. HP: 87/89 MP: 11/15
 12029 | D:10     | Entered Level 10 of the Dungeon
 12344 | D:10     | Identified the +5 scale mail "Kadoyfish" {Harm rC- Will+
                  | Stlth+}
 12697 | D:10     | Found an ornate altar of the Wu Jian Council.
 13209 | D:10     | Noticed Psyche
 13216 | D:10     | Killed Psyche
 13561 | D:11     | Noticed a boulder beetle
 13580 | D:11     | Killed a boulder beetle
 13660 | D:11     | Noticed a manticore
 13697 | D:11     | Killed a manticore
 13796 | D:11     | Reached skill level 10 in Invocations
 13914 | D:11     | Reached skill level 1 in Polearms
 14369 | D:11     | Found a staircase to the Orcish Mines.
 14628 | D:11     | Noticed a manticore
 14684 | D:11     | Killed a manticore
 14823 | D:12     | Noticed a manticore
 14830 | D:12     | Reached skill level 5 in Polearms
 14836 | D:12     | Noticed a brown ugly thing
 14839 | D:12     | Killed a manticore
 14840 | D:12     | Reached XP level 12. HP: 95/97 MP: 3/19
 14840 | D:12     | Reached ***** piety under Lugonu
 14954 | D:11     | Noticed a two-headed ogre
 14968 | D:11     | Killed a two-headed ogre
 15155 | D:12     | Noticed a two-headed ogre
 15155 | D:12     | Noticed a two-headed ogre
 15170 | D:12     | Killed a two-headed ogre
 15302 | D:12     | Killed a two-headed ogre
 15553 | D:12     | Noticed a two-headed ogre
 15570 | D:12     | Killed a two-headed ogre
 16179 | D:13     | Noticed a vault guard
 16206 | D:12     | Killed a vault guard
 16207 | D:12     | Reached skill level 10 in Polearms
 16322 | D:13     | Found a gate to the Vaults.
 16561 | D:13     | Noticed a centaur warrior
 16579 | D:13     | Killed a centaur warrior
 16580 | D:13     | Reached skill level 5 in Dodging
 16740 | D:13     | Noticed a centaur warrior
 16754 | D:13     | Killed a centaur warrior
 17033 | D:14     | Noticed a two-headed ogre
 17043 | D:14     | Killed a two-headed ogre
 17229 | D:14     | Noticed a boulder beetle
 17298 | D:14     | Killed a boulder beetle
 17299 | D:14     | Reached skill level 5 in Armour
 17441 | D:14     | Identified the ring of Sotsebon {EV+5 Int+2}
 17442 | D:14     | Noticed a death knight
 17450 | D:14     | Noticed an eight-headed hydra
 17528 | Orc:1    | Entered Level 1 of the Orcish Mines
 17528 | Orc:1    | Noticed a two-headed ogre
 17528 | Orc:1    | Noticed an orc warlord
 17643 | Lair:1   | Entered Level 1 of the Lair of Beasts
 17652 | Lair:1   | Reached XP level 13. HP: 66/103 MP: 20/20
 17877 | Lair:1   | Identified the +1 mace "Nexa" {heavy, +Blink rElec rPois
                  | SInv}
 18919 | Lair:2   | Reached skill level 1 in Evocations
 19078 | Lair:2   | Reached skill level 2 in Evocations
 19231 | Lair:2   | Reached skill level 3 in Evocations
 19351 | D:6      | Bought a potion of berserk rage for 60 gold pieces
 19351 | D:6      | Bought a potion of might for 48 gold pieces
 19351 | D:6      | Bought a potion of mutation for 96 gold pieces
 19351 | D:6      | Bought a potion of heal wounds for 60 gold pieces
 19788 | Lair:2   | Reached skill level 4 in Evocations
 20340 | Lair:3   | Reached skill level 5 in Evocations
 20556 | Lair:3   | Reached ****** piety under Lugonu
 20557 | Lair:3   | Reached skill level 6 in Evocations
 20743 | Lair:3   | Found the +8 orange crystal plate armour {Archmagi, Int+3
                  | Clar}
 20758 | Lair:3   | Reached skill level 7 in Evocations
 21086 | Lair:3   | Reached skill level 8 in Evocations
 21377 | Lair:3   | Found a staircase to the Snake Pit.
 21518 | Lair:3   | Reached skill level 9 in Evocations
 21631 | Lair:3   | Reached XP level 14. HP: 105/110 MP: 20/23
 22243 | Lair:3   | Reached skill level 10 in Evocations
 22298 | Lair:3   | Found a staircase to the Swamp.
 22500 | Lair:4   | Found a viscous altar of Jiyva.
 22500 | Lair:4   | Found a staircase to the Slime Pits.
 22986 | Lair:4   | Noticed zeteo's ghost (journeyman MiFi)
 23096 | Lair:4   | Found a runed translucent gate.
 23097 | Lair:4   | Found a runed translucent gate.
 23098 | Lair:4   | Found a runed translucent gate.
 23515 | Lair:5   | Entered Level 5 of the Lair of Beasts
 24452 | Lair:5   | Paralysed by a hornet for 1 turns
 24849 | Lair:5   | Reached skill level 11 in Evocations
 26285 | D:6      | Killed Maggie
 26538 | D:11     | Killed an orc warlord
 26942 | Orc:1    | Reached XP level 15. HP: 112/115 MP: 24/24
 27061 | Orc:1    | Found a transporter.
 27251 | Orc:1    | Found a transporter.
 27251 | Orc:1    | Noticed CharLee's ghost (journeyman HuBr)
 27409 | Orc:1    | Reached skill level 12 in Evocations
 27497 | Orc:2    | Entered Level 2 of the Orcish Mines
 27497 | Orc:2    | Noticed Nessos
 27500 | Orc:2    | Nessos changed into Nessos the eye of devastation
 27500 | Orc:2    | Noticed Nessos
 27505 | Orc:1    | Killed Nessos the eye of devastation
 27649 | Orc:2    | Found Ifel's Distillery.
 27855 | Orc:2    | Noticed Rupert
 27855 | Orc:2    | Found a bloodstained altar of Trog.
 28715 | D:14     | Reached skill level 13 in Evocations
 29250 | D:15     | Entered Level 15 of the Dungeon
 29454 | D:15     | Noticed Roxanne
 29474 | D:15     | Reached skill level 14 in Evocations
 30356 | D:14     | Reached skill level 15 in Evocations
 30985 | D:14     | Reached XP level 16. HP: 112/122 MP: 21/25
 31697 | D:15     | Found a staircase to the Depths.
 32292 | D:6      | Bought a scroll of blinking for 82 gold pieces
 32292 | D:6      | Bought a scroll of fog for 44 gold pieces
 32292 | D:6      | Bought a scroll of fog for 44 gold pieces
 32292 | D:6      | Bought a scroll of fog for 44 gold pieces
 32342 | D:6      | Bought a glimmering ring mail for 252 gold pieces
 32342 | D:6      | Identified the +3 ring mail "Juiklaocw" {Int+4} (You bought
                  | it in a shop on level 6 of the Dungeon)
 32493 | Snake:1  | Entered Level 1 of the Snake Pit
 35660 | Snake:2  | You fall into a shaft and drop 1 floor!
 35660 | Snake:3  | Found a runed translucent gate.
 35660 | Snake:3  | Found a runed translucent gate.
 36430 | Snake:3  | Noticed Vashnia
 36444 | Snake:3  | Banished Vashnia
 36445 | Snake:3  | Reached skill level 10 in Armour
 36445 | Snake:3  | Reached XP level 17. HP: 41/128 MP: 4/26
 36645 | Snake:3  | Found a runed translucent gate.
 37408 | Snake:3  | Noticed Seits's ghost (adept MiFi)
 37408 | Snake:3  | Noticed Xitaol's ghost (adept SpEn)
 37725 | Snake:4  | Entered Level 4 of the Snake Pit
 38516 | Snake:4  | Reached skill level 10 in Dodging
 38905 | Snake:4  | Noticed Asterion
 38958 | Snake:4  | Banished Asterion
 39791 | Snake:4  | Reached skill level 16 in Evocations
 40547 | Snake:4  | HP: 1/128 [salamander tyrant (34)]
 41084 | Snake:4  | HP: 6/128 [poisoned by a nagaraja (poison arrow)]
 41512 | Snake:4  | Identified the serpent talisman "Zet Odoe" {Int+2 Dex+6
                  | SInv Stlth+}
 41512 | Snake:4  | Noticed Aizul
 41527 | Snake:4  | Killed Aizul
 41528 | Snake:4  | Reached XP level 18. HP: 133/134 MP: 19/27
 41720 | Snake:4  | Reached skill level 17 in Evocations
 42714 | Snake:4  | Got a serpentine rune of Zot
 43565 | Swamp:1  | Entered Level 1 of the Swamp
 43569 | Swamp:1  | Found a transporter.
 43582 | Lair:3   | Paralysed by a fenstrider witch for 4 turns
 43688 | Swamp:1  | Noticed DiddlyDoom's ghost (journeyman MfFi)
 43689 | Swamp:1  | Found a transporter.
 44189 | Swamp:1  | Noticed Nikola
 44203 | Swamp:1  | Killed Nikola
 46675 | Swamp:4  | Entered Level 4 of the Swamp
 47603 | Swamp:4  | Reached skill level 15 in Fighting
 47655 | Swamp:4  | Reached XP level 19. HP: 154/155 MP: 21/28
 48261 | Swamp:4  | Got a decaying rune of Zot
 48608 | Snake:3  | Killed Xitaol's ghost
 48830 | Snake:3  | Killed Seits's ghost
 48957 | Lair:4   | Killed zeteo's ghost
 49077 | Lair:4   | Got the ring of Tatrisagh {Fire +Blink rPois}
 49354 | Orc:1    | Killed CharLee's ghost
 49356 | Orc:1    | Identified the +1 hat "Soukuoc" {Stlth+}
 49358 | Orc:1    | Identified the ring of Afuem {Fly Int+2}
 50101 | Orc:2    | Found Annub's General Store.
 50105 | Orc:2    | Found Qillyego's General Store.
 50159 | Orc:2    | Bought a potion of heal wounds for 55 gold pieces
 50254 | Orc:2    | Banished Rupert
 50255 | Orc:2    | Reached skill level 15 in Polearms
 50323 | Orc:2    | Found a staircase to the Elven Halls.
 50897 | Orc:2    | Found Jalyvvaf's Book Shop.
 50897 | Orc:2    | Found a one-way gate leading to the halls of Pandemonium.
 50897 | Orc:2    | Found Fayrup's Antique Weapon Boutique.
 51063 | Orc:2    | Bought a scroll of silence for 104 gold pieces
 51063 | Orc:2    | Bought the +2 cloak of Reris {rCorr Str-2 SInv} for 298
                  | gold pieces
 51063 | Orc:2    | Bought a scroll of enchant weapon for 82 gold pieces
 51106 | Orc:2    | Bought a book of Ice for 700 gold pieces
 51106 | Orc:2    | Bought a book of Frost for 280 gold pieces
 51152 | Orc:2    | Bought a potion of resistance for 120 gold pieces
 51152 | Orc:2    | Bought a potion of might for 48 gold pieces
 51152 | Orc:2    | Bought a potion of mutation for 96 gold pieces
 51152 | Orc:2    | Bought a potion of attraction for 36 gold pieces
 51152 | Orc:2    | Bought a potion of brilliance for 48 gold pieces
 51152 | Orc:2    | Bought a potion of invisibility for 96 gold pieces
 51188 | Orc:2    | Bought a potion of enlightenment for 80 gold pieces
 51416 | Depths:1 | Entered Level 1 of the Depths
 51584 | D:15     | Slain by a deep troll

Illustrated notes

Levels and vault maps discovered:
D:1:      lightli_molten_gateway, layout_basic, basic_ecumenical_altar
D:2:      layout_basic, minmay_rat_gold_closets, uniq_sigmund
D:3:      layout_rooms
D:4:      layout_cave_pools, mainiacjoe_overflow_cross_hatched,
          nicolae_uskayaw_dance_hall, mainiacjoe_overflow_alcove_1, uniq_edmund,
          uniq_pikel
D:5:      layout_gridville, nicolae_tso_swordbearing_angel,
          nicolae_gozag_cash_rules_everything_around_me, xom_redecorated,
          grunt_decor_one_mirror, eino_curves_02, kennysheep_generic_room_9
D:6:      layout_rooms, marbit_many_paths, grunt_qazlal_clouds, serial_shops,
          nicolae_shop_behind_doors, shop, shop, shop, uniq_maggie
D:7:      layout_loops_ring, mainiacjoe_overflow_tiny_flanked,
          minmay_temple_entry_statues
D:8:      layout_cave_pools, lemuel_doored_altar
D:9:      layout_loops_cross, nicolae_overflow_hidden_temple,
          kennysheep_little_box, nicolae_ru_sacrificial_ziggurat,
          lair_entry_dummy, minmay_guarded_unrand_finisher
D:10:     minmay_general_purpose_star, layout_gridville,
          mainiacjoe_overflow_alcove_2, uniq_psyche
D:11:     layout_grid_maze, orc_0_dummy, grunt_ministairs_15
D:12:     layout_long_grid, chequers_serial_rivers_room_b, corexii_corridor_pit
D:13:     layout_roguey, erik_vaults_1
D:14:     minmay_the_grid_octo_tiled_squarecenter_mashed
          [minmay_the_grid_octo_clover_2, minmay_the_grid_octo_toaster,
          minmay_the_grid_octo_clover, minmay_the_grid_octo_chip,
          minmay_the_grid_square_5x5_megaprize_hollow,
          minmay_the_grid_square_5x5_checkered_sparse,
          minmay_the_grid_square_5x5_lines, minmay_the_grid_square_5x5_shuriken,
          minmay_the_grid_square_5x5_two_small], layout_long_grid,
          amcnicky_mini_rare_corridor_liquid
D:15:     grunt_enter_depths_snipers, layout_loops_corners, chequers_avenue,
          drop_trap, uniq_roxanne
Temple:   nicolae_temple_two_arcs
Lair:1:   wander_river, layout_concentric_octagons, infiniplex_staircase_pool_2
Lair:2:   layout_roguey, kilobyte_rumbling_trees, serial_bayou_shore_a
Lair:3:   nzn_winding_woodlands_small [nzn_winding_woodlands_5x15_pockets,
          nzn_winding_woodlands_center_garden,
          nzn_winding_woodlands_5x15_parted], layout_cave_pods,
          palyth_hydra_swamp_entry, minmay_snake_entry_guardpost_small
Lair:4:   layout_regular_city, slime_entry_1, gammafunk_ghost_icy
Lair:5:   guppyfry_lair_end_dragon, layout_cave_pods, wormcave,
          kennysheep_basilisk_garden, grunt_megastairs_5
Swamp:1:  layout_basic_swamp, gammafunk_ghost_arena,
          evilmike_swamp_ruin_rubble_2, uniq_nikola
Swamp:2:  layout_basic_swamp, evilmike_swamp_ruin_house_2,
          nicolae_swamp_small_spring
Swamp:3:  layout_basic_swamp, nicolae_swamp_some_circles, ldierk_geyser,
          swamp_pool_1_2
Swamp:4:  swamp_alternative, layout_basic_swamp, infiniplex_staircase_pool
Snake:1:  layout_concentric_octagons, nicolae_integral_box
Snake:2:  layout_onion_interference, nicolae_snake_flat_spine, lemuel_fruit_tree
Snake:3:  layout_grid_shapes, gammafunk_ghost_cemetery, uniq_vashnia
Snake:4:  grunt_snake_rune_spirals, layout_onion, serial_bayou_lagoon_b,
          uniq_aizul, uniq_asterion
Orc:1:    layout_caves, gammafunk_ghost_berserking_beasts, nooodl_orcs_dogs
Orc:2:    pf_orc_diabolical, layout_caves, serial_shops,
          nicolae_shop_real_fake_doors, basic_altar, minmay_orc_temple_c,
          uniq_nessos, uniq_rupert
Depths:1: evilmike_lava_path, layout_cave_pools, abyss_entry,
          hangedman_decor_clover_reticule, pan_entry, hell_entry, serial_shops,
          nicolae_shop_stone, hellmonk_ghost_time_enough, minmay_hidden_floor

Skill      XL: |  1  2  3  4  5  6  7  8  9 10 11 12 13 14 15 16 17 18 19 |
---------------+----------------------------------------------------------+-----
Ice Magic      | 5 6 8 9 11 12 14 | 14.0
Fighting       | 7 10 15 | 15.0
Invocations    | 5 10 12 13 14 | 14.0
Dodging        | 3 5 10 | 10.0
Polearms       | 6 10 11 13 15 | 15.0
Armour         | 5 10 | 10.0
Evocations     | 9 11 15 16 17 | 17.0
Stealth        | |  2.0
Spellcasting   | |  2.0

Action                     |  1- 3 |  4- 6 |  7- 9 | 10-12 | 13-15 | 16-18 | 19-21 || total
---------------------------+-------+-------+-------+-------+-------+-------+-------++-------
  Melee: Scimitar          |    71 |    11 |       |       |       |       |       ||    82
         Short sword       |       |    64 |   112 |    13 |       |       |       ||   189
         Punch             |       |     1 |       |     2 |       |     3 |       ||     6
         Trident           |       |       |       |   106 |    25 |    36 |    22 ||   189
         Scythe            |       |       |       |   265 |   857 |  1165 |   371 ||  2658
   Cast: Freeze            |    29 |    14 |     9 |       |       |       |       ||    52
         Frozen Ramparts   |       |     2 |    31 |    49 |    80 |   137 |    36 ||   335
         Ozocubu's Armour  |       |     1 |    19 |    55 |   115 |   193 |    39 ||   422
         Summon Ice Beast  |       |       |     9 |    63 |    79 |   104 |    19 ||   274
 Invoke: Banish            |       |       |       |       |     3 |    15 |     2 ||    20
Ability: Evoke Invisibilit |       |       |       |       |     1 |     4 |       ||     5
  Evoke: Wand              |       |       |       |       |     7 |     6 |     2 ||    15
         Tin of tremorston |       |       |       |       |     2 |     4 |     1 ||     7
         Lightning rod     |       |       |       |       |       |     7 |       ||     7
    Use: Scroll            |       |       |       |     1 |    26 |    15 |       ||    42
         Potion            |       |       |       |     1 |     7 |    10 |       ||    18
   Stab: Sleeping          |     7 |     7 |     1 |     1 |     1 |     1 |       ||    18
         Distracted        |       |     1 |       |     1 |     2 |    12 |     2 ||    18
         Petrified         |       |       |       |       |     2 |       |       ||     2
         Invisible         |       |       |       |       |     1 |     7 |       ||     8
 Armour: Robe              |    42 |    55 |   129 |       |       |       |       ||   226
         Leather armour    |       |       |    24 |    68 |    74 |       |       ||   166
         Steam dragon scal |       |       |       |   305 |       |       |       ||   305
         Ring mail         |       |       |       |       |   236 |       |       ||   236
         Quicksilver drago |       |       |       |       |   442 |    43 |    48 ||   533
         Swamp dragon scal |       |       |       |       |       |  1216 |   231 ||  1447
  Dodge: Dodged            |    64 |    69 |   105 |   340 |  1096 |  1364 |   312 ||  3350
